Map: Divergencia EE

Players

ZipRecruitah - Winner!

  • Race: Terran Terran
  • Spawn Location: 5:00

MeUndies - Winner!

  • Race: Terran Terran
  • Spawn Location: 5:00

MrFercho

  • Race: Zerg Zerg
  • League: Gold
  • Spawn Location: 11:00

TATORREA

  • Race: Protoss Protoss
  • League: Gold
  • Spawn Location: 11:00

VOD

Have the link to the VOD?

Description

Time

  • Played on: Aug. 13, 2020, 10:02 p.m.
  • Length: 8:32
Show
View Real Time Build Order
Export as new Build Order

ZipRecruitah Terran - Winner!

Build Orders:  

Get SALT Encoding   

  12  0:00  SCV  
  13  0:12  SCV  
  14  0:21  Supply Depot  
  14  0:24  SCV  
  15  0:42  SCV  
  16  0:45  Barracks  
  16  0:53  Refinery  
  16  0:54  SCV  
  17  1:03  Refinery  
  17  1:06  SCV  
  18  1:18  SCV  
  20  1:33  Orbital Command  
  20  1:35  Marine  
  20  1:49  Factory  
  20  1:53  Marine  
  21  1:59  SCV  
  22  2:09  Supply Depot  
  22  2:11  SCV  
  23  2:20  Barracks  
  23  2:30  Barracks Reactor  
  23  2:34  Factory Tech Lab  
  23  2:35  Starport  
  23  2:37  SCV  
  23  2:43  Engineering Bay  
  24  2:47  Engineering Bay  
  24  2:49  SCV  
  25  2:58  Supply Depot  
  25  3:01  SCV  
  26  3:09  Siege Tank  
  26  3:12  Marine  
  30  3:13  SCV  
  30  3:19  Barracks Tech Lab  
  31  3:20  Marine  
  31  3:25  Starport Reactor  
  32  3:30  Marine  
  33  3:38  Marine  
  34  3:42  Supply Depot  
  34  3:45  Terran Infantry Weapons Level 1  
  34  3:48  Marine  
  35  3:51  Terran Infantry Armor Level 1  
  35  4:00  Marine  
  36  4:02  Marine  
  36  4:09  Stimpack  
  37  4:15  Marine  
  38  4:18  Marine  
  39  4:33  Marine  
  39  4:36  Marine  
  41  4:42  Medivac  
  43  4:46  Medivac  
  43  4:50  Marine  
  46  4:57  Command Center, Marine  
  47  5:10  Marine  
  47  5:13  Supply Depot  
  48  5:16  Supply Depot  
  48  5:19  Marine x2  
  50  5:37  Marine  
  50  5:41  Marine x2  
  56  5:42  Siege Tank  
  56  5:45  Medivac  
  56  5:49  SCV  
  59  5:59  Marine  
  48  6:32  Marine x3  
  43  6:34  Medivac x2, Siege Tank  
  48  6:50  Marine x3  
  51  7:07  Marine  
  51  7:08  Marine  
  51  7:09  Marauder  
  51  7:14  Siege Tank  
  51  7:15  Medivac  
  58  7:25  Marine  
  58  7:26  Marine  
  58  7:29  Marine  
  57  7:43  Marine x2  
  59  7:48  Marauder  
  58  7:59  Siege Tank  
  58  8:01  Marine  
  61  8:09  Marauder  
Show
View Real Time Build Order
Export as new Build Order

MeUndies Terran - Winner!

Build Orders: Liberator Opening 

Get SALT Encoding   

  12  0:00  SCV  
  13  0:12  SCV  
  14  0:19  Supply Depot  
  14  0:25  SCV  
  15  0:40  SCV  
  16  0:49  Barracks  
  16  0:58  Refinery  
  16  0:59  SCV  
  17  1:11  SCV  
  18  1:23  SCV  
  19  1:35  SCV  
  20  1:47  SCV  
  20  1:49  Refinery  
  22  2:01  SCV  
  22  2:04  Supply Depot  
  22  2:11  Factory  
  22  2:13  SCV  
  23  2:21  Supply Depot  
  23  2:26  SCV  
  23  2:27  Barracks Reactor  
  24  2:41  SCV, Command Center  
  25  2:53  SCV  
  25  2:56  Starport  
  26  3:05  Factory Tech Lab  
  26  3:06  Orbital Command  
  26  3:14  Marine  
  26  3:15  Marine  
  28  3:27  Siege Tank  
  28  3:32  Marine  
  28  3:33  Marine  
  33  3:41  Liberator  
  33  3:48  SCV  
  37  3:56  Refinery  
  37  3:59  Orbital Command  
  37  4:05  Siege Tank  
  37  4:06  Marine  
  37  4:07  Marine  
  42  4:19  SCV  
  43  4:24  Marine x2  
  43  4:29  Supply Depot  
  45  4:31  SCV  
  45  4:32  Medivac  
  48  4:43  SCV  
  48  4:44  SCV  
  50  4:52  Supply Depot  
  50  4:58  Marine x2  
  52  5:05  Siege Tank  
  55  5:14  SCV x2  
  54  5:23  Supply Depot  
  54  5:27  Medivac  
  55  5:44  Marine  
  55  5:45  Marine  
  57  5:56  Barracks  
  57  5:57  Barracks  
  57  6:01  Siege Tank  
  57  6:02  Marine x2  
  61  6:33  Siege Tank  
  63  6:42  Marine  
  63  6:43  Marine  
  65  7:00  Marine x2  
  65  7:18  Marine  
  65  7:20  Barracks Tech Lab  
  65  7:21  Barracks Reactor  
  66  7:24  Siege Tank  
  69  7:35  Supply Depot  
  69  7:36  Supply Depot  
  69  7:38  Supply Depot  
  67  8:02  Marine  
  67  8:03  Marine x2  
  67  8:04  Marine  
  70  8:09  Marauder  
Show
View Real Time Build Order
Export as new Build Order

MrFercho Zerg 

Build Orders: Hatch First 

Get SALT Encoding   

  12  0:00  Drone  
  13  0:15  Overlord  
  13  0:20  Drone  
  14  0:33  Drone  
  14  0:34  Drone  
  16  0:56  Hatchery  
  15  0:59  Drone  
  15  1:04  Drone  
  17  1:09  Drone  
  18  1:18  Extractor  
  17  1:26  Spawning Pool  
  17  1:29  Drone  
  17  1:32  Drone  
  18  1:36  Drone  
  19  1:53  Drone  
  20  2:06  Drone x2  
  22  2:13  Queen x2  
  26  2:16  Overlord  
  26  2:23  Overlord  
  26  2:24  Drone  
  26  2:27  Drone  
  28  2:35  Drone  
  29  2:44  Drone x2  
  31  2:47  Drone  
  32  2:51  Queen  
  34  3:00  Lair  
  34  3:01  Drone x2  
  34  3:04  Extractor  
  35  3:06  Extractor  
  35  3:09  Roach Warren, Drone  
  34  3:23  Drone x4  
  34  3:24  Evolution Chamber  
  37  3:38  Queen  
  37  3:41  Drone x3  
  42  3:42  Drone  
  42  3:43  Drone  
  44  3:53  Overlord  
  44  3:54  Overlord  
  44  3:58  Zerg Missile Weapons Level 1, Glial Reconstitution  
  44  4:11  Queen  
  46  4:23  Roach x3  
  46  4:24  Roach x3  
  58  4:28  Drone x2  
  60  4:31  Overlord  
  60  5:01  Ravager  
  60  5:02  Ravager x5  
  66  5:11  Roach  
  66  5:12  Overlord x3  
  66  5:13  Overlord x2  
  68  5:19  Spore Crawler  
  67  5:22  Spore Crawler  
  67  5:23  Drone  
  67  5:24  Drone  
  68  5:32  Spore Crawler x2, Drone x2  
  68  5:33  Drone x3  
  68  5:34  Drone x2  
  73  5:49  Roach x4  
  81  5:58  Zerg Missile Weapons Level 2  
  81  6:01  Hatchery  
  80  6:06  Evolution Chamber  
  80  6:10  Hydralisk Den  
  62  6:31  Roach x2  
  62  6:32  Roach x4  
  68  6:43  Roach  
  68  6:44  Roach x3  
  70  6:47  Muscular Augments  
  70  6:51  Zergling x2  
  71  7:00  Roach  
  67  7:17  Roach x2  
  67  7:18  Roach x5  
  66  7:38  Roach x9  
Show
View Real Time Build Order
Export as new Build Order

TATORREA Protoss 

Build Orders:  

Get SALT Encoding   

  12  0:03  Probe  
  13  0:15  Probe  
  14  0:24  Pylon  
  14  0:30  Probe  
  15  0:42  Probe  
  16  0:52  Gateway  
  16  0:54  Probe, Gateway  
  17  1:06  Probe  
  18  1:12  Assimilator  
  18  1:18  Pylon  
  18  1:19  Probe  
  19  1:31  Probe  
  20  1:36  Pylon  
  20  1:38  Assimilator  
  20  1:46  Probe  
  21  1:49  Cybernetics Core  
  21  1:58  Probe  
  22  2:15  Probe  
  22  2:47  Nexus  
  22  2:49  Pylon  
  22  2:51  Pylon  
  22  2:54  Warp Gate (Chrono Boost)  
  22  3:02  Stalker x2  
  26  3:13  Robotics Facility  
  26  3:19  Stargate  
  26  3:32  Stalker x2  
  30  3:36  Probe  
  32  3:48  Probe  
  32  4:00  Probe  
  32  4:01  Immortal  
  37  4:05  Probe  
  38  4:12  Probe, Phoenix  
  41  4:17  Probe  
  42  4:24  Probe  
  42  4:29  Probe  
  44  4:37  Probe  
  45  4:41  Probe, Phoenix, Observer  
  49  4:49  Probe  
  42  5:17  Probe x2  
  44  5:25  Phoenix  
  46  5:37  Probe (Chrono Boost)  
  46  5:39  Probe (Chrono Boost)  
  48  5:47  Assimilator  
  48  5:48  Probe x2 (Chrono Boost)  
  50  5:51  Assimilator  
  50  5:52  Probe (Chrono Boost)  
  50  5:54  Probe, Gateway  
  50  5:56  Gateway  
  52  5:58  Gateway  
  52  6:01  Gateway  
  52  6:02  Phoenix  
  54  6:05  Probe  
  54  6:07  Probe  
  56  6:17  Probe  
  55  6:25  Stalker  
  36  6:52  Phoenix (Chrono Boost)  
  36  6:53  Cybernetics Core, Immortal (Chrono Boost)  
  42  7:08  Phoenix (Chrono Boost)  
  44  7:25  Immortal (Chrono Boost)  
  48  7:33  Stalker x2  
  48  7:36  Zealot x2  
  56  7:47  Probe  
  57  7:57  Stalker x2  
  61  7:59  Probe  
  62  8:12  Probe  
Tags
 
Add a new tag
Caveats
  • Supply blocks, unpowered buildings, or Contaminate may cause inaccurate times.
  • Supply counts are checked every 10 seconds.